[Event "Team 45 45 League T48"]
[Site "Internet Chess Club"]
[Date "2011.03.05"]
[Round "4"]
[White "Merciful"]
[Black "Jack-ONeill"]
[Result "1-0"]
[WhiteElo "2050"]
[BlackElo "2039"]
[Opening "Two knights defense (Modern bishop's opening)"]
[ECO "C55"]
[Time "09:02:26"]
[TimeControl "2700+45"]

1. e4 e5 2. Nf3 Nc6 3. Bc4 Nf6 4. d3 d5 5. exd5 Nxd5 6. O-O Be7 7. Re1 Bg4 8. h3
Bh5 9. g4 Bg6 10. Nxe5 Nxe5 11. Rxe5 Nb6 12. Bb3 O-O 13. Nc3 Bd6 14. Bg5 Qd7 15.
Re1 a5 16. a4 Bb4 17. Qf3 c6 18. Re5 Kh8 19. Re2 f5 20. Be6 Qc7 21. gxf5 Nd7 22.
Ne4 Ne5 23. Qf4 Bxf5 24. Bxf5 Rxf5 25. Qxf5 Rf8 26. Nf6 Ng6 27. Qd7 {Black
resigns} 1-0

[Event "Team 45 45 League T48"]
[Site "Internet Chess Club"]
[Date "2011.03.08"]
[Round "4"]
[White "Kolibri"]
[Black "cityprosecutor"]
[Result "1-0"]
[WhiteElo "2057"]
[BlackElo "1707"]
[Opening "Pirc: Austrian attack, 6.Bd3"]
[ECO "B09"]
[Time "13:04:35"]
[TimeControl "2700+45"]

1. e4 d6 2. d4 Nf6 3. Nc3 g6 4. f4 Bg7 5. Nf3 O-O 6. Bd3 Na6 7. O-O c5 8. d5 Rb8
9. a4 Nb4 10. Bc4 e6 11. h3 exd5 12. exd5 Bf5 13. Ne1 Re8 14. Nd3 Nxd3 15. Bxd3
Bxd3 16. Qxd3 Qb6 17. a5 Qb4 18. Ra4 c4 19. Rxb4 cxd3 20. cxd3 Nd7 21. Ne4 Red8
22. Be3 f5 23. Ng5 Nc5 24. Ne6 Nxe6 25. dxe6 Re8 26. Bxa7 Ra8 27. Rxb7 Rxa7 28.
Rxa7 Bd4+ 29. Kh2 Bxa7 30. b4 Rxe6 31. b5 d5 32. Rc1 Kf7 33. Rc7+ Re7 34. b6 Bb8
35. Rxe7+ Kxe7 36. a6 Bxf4+ 37. Kh1 {Black resigns} 1-0

[Event "Team 45 45 League T48"]
[Site "Internet Chess Club"]
[Date "2011.03.05"]
[Round "4"]
[White "thestalemater"]
[Black "Paulkov"]
[Result "1/2-1/2"]
[WhiteElo "2323"]
[BlackElo "2285"]
[Opening "Sicilian: Grand Prix attack"]
[ECO "B23"]
[Time "13:00:35"]
[TimeControl "2700+45"]

1. e4 c5 2. Nc3 Nc6 3. f4 g6 4. Nf3 Bg7 5. Bb5 Nd4 6. O-O a6 7. Bc4 b5 8. Bd5
Rb8 9. d3 e6 10. Bb3 Bb7 11. Be3 Ne7 12. Bxd4 cxd4 13. Ne2 Qb6 14. Rf2 O-O 15.
a4 d6 16. Qd2 Qc5 17. Ng3 d5 18. e5 Rbc8 19. Rff1 Nc6 20. Qf2 f6 21. exf6 Rxf6
22. axb5 axb5 23. Ne2 Rff8 24. c3 e5 25. Ng5 Nd8 26. Qh4 h6 27. Ne4 Qb6 28. fxe5
dxc3+ 29. d4 cxb2 30. Rxf8+ Bxf8 31. Rf1 Bg7 32. Nd6 Ra8 33. Nxb7 Ra1 34. Bxd5+
Kh7 35. Qe4 Nxb7 36. Bxb7 Bxe5 37. Rb1 Rxb1+ 38. Qxb1 Qxb7 39. Qxb2 Qb6 40. Kh1
Bd6 41. Qb3 Kg7 42. Qe6 Qc7 43. g3 b4 44. Kg2 Qe7 45. Qxe7+ Bxe7 46. Nc1 Kf6 47.
Kf3 Kf5 48. h3 h5 49. Nb3 Bd6 {Game drawn by mutual agreement} 1/2-1/2

[Event "Team 45 45 League T48"]
[Site "Internet Chess Club"]
[Date "2011.03.04"]
[Round "4"]
[White "MaartenKoning"]
[Black "zeigmata"]
[Result "0-1"]
[WhiteElo "2222"]
[BlackElo "2334"]
[Opening "Sicilian: Najdorf, Byrne (English) attack"]
[ECO "B90"]
[Time "14:43:39"]
[TimeControl "2700+45"]

1. e4 c5 2. Nf3 d6 3. d4 cxd4 4. Nxd4 Nf6 5. Nc3 a6 6. Be3 e6 7. f3 b5 8. Qd2
Bb7 9. O-O-O Be7 10. g4 Nfd7 11. g5 Nb6 12. Bd3 N8d7 13. h4 Ne5 14. f4 Nec4 15.
Qf2 b4 16. Nce2 Qc7 17. Kb1 Nxe3 18. Qxe3 Nc4 19. Qf3 g6 20. h5 O-O-O 21. Rh3
Kb8 22. Qg4 e5 23. Nb3 Bc8 24. f5 Rhg8 25. hxg6 hxg6 26. Bxc4 Qxc4 27. Na5 Qc7
28. Rd5 Rh8 29. Rb3 Rh1+ 30. Nc1 Rdh8 31. Rxb4+ Ka8 32. Rc4 Qb6 33. Rc6 Qe3 34.
Rb5 Qxc1# {White checkmated} 0-1

[Event "Team 45 45 League T48"]
[Site "Internet Chess Club"]
[Date "2011.03.05"]
[Round "4"]
[White "aww-rats"]
[Black "Campagnolo"]
[Result "1/2-1/2"]
[WhiteElo "2056"]
[BlackElo "2087"]
[Opening "Caro-Kann: exchange variation"]
[ECO "B13"]
[Time "21:01:51"]
[TimeControl "2700+45"]

1. e4 c6 2. d4 d5 3. exd5 cxd5 4. Bd3 Nc6 5. c3 Qc7 6. Ne2 Bg4 7. f3 Bh5 8. Bf4
Qd7 9. O-O Nf6 10. Nd2 e6 11. Qa4 Bd6 12. Nb3 Bxf4 13. Nxf4 O-O 14. Bb5 Rfc8 15.
Nc5 Qc7 16. Bxc6 Qxc6 17. Qxc6 Rxc6 18. Nfd3 b6 19. Ne5 Rcc8 20. Na6 Bg6 21. a4
Ne8 22. a5 Nd6 23. axb6 axb6 24. Nb4 f6 25. Nd7 Rxa1 26. Rxa1 b5 27. Ra6 Nc4 28.
Rxe6 Bf5 29. Re7 Rd8 30. Nc5 Nxb2 31. Rb7 Nd1 32. Nc6 Re8 33. g4 Bc8 34. Rc7 Kf8
35. Na7 Be6 36. Nxb5 h5 37. h3 hxg4 38. hxg4 Re7 39. Rxe7 Kxe7 40. Kf1 Bc8 41.
Ke2 Nb2 42. Na3 g5 43. Ke3 f5 44. gxf5 Bxf5 45. Nb5 Nc4+ 46. Kf2 Nb2 47. Ke3
Nc4+ 48. Kf2 Nb2 49. Kg3 Nd1 50. Kg2 {Game drawn by mutual agreement} 1/2-1/2

[Event "Team 45 45 League T48"]
[Site "Internet Chess Club"]
[Date "2011.03.03"]
[Round "4"]
[White "ben622"]
[Black "filiusdextris"]
[Result "1-0"]
[WhiteElo "2023"]
[BlackElo "2093"]
[Opening "Caro-Kann: Bronstein-Larsen variation"]
[ECO "B16"]
[Time "19:04:06"]
[TimeControl "2700+45"]

1. e4 c6 2. d4 d5 3. Nd2 dxe4 4. Nxe4 Nf6 5. Nxf6+ gxf6 6. Bf4 Qb6 7. b3 Bf5 8.
Nf3 Nd7 9. Bd3 e6 10. O-O Bg4 11. Be2 Rg8 12. c4 O-O-O 13. c5 Qa5 14. b4 Qa3 15.
Qb3 Qxb3 16. axb3 Bxf3 17. Bxf3 e5 18. Bg3 a6 19. d5 cxd5 20. Bxd5 Nxc5 21. Bxf7
Rg7 22. Bc4 Ne4 23. b5 axb5 24. Bxb5 Kb8 25. Rfd1 Rc8 26. Rd7 Be7 27. Bc4 Nc5
28. Rd2 Rc6 29. Re2 Ne6 30. Bxe6 Rxe6 31. f4 Bc5+ 32. Kh1 Rge7 33. fxe5 fxe5 34.
Rae1 Bd4 35. Re4 Ka7 36. R1e2 Kb6 37. Bf2 Rf6 38. Rxd4 Rxf2 39. Rb4+ Kc5 40.
Rc4+ {Black resigns} 1-0

[Event "Team 45 45 League T48"]
[Site "Internet Chess Club"]
[Date "2011.03.06"]
[Round "4"]
[White "MusiqueWand"]
[Black "vnchess"]
[Result "1-0"]
[WhiteElo "2372"]
[BlackElo "2186"]
[Opening "King's Indian: orthodox variation"]
[ECO "E94"]
[Time "12:13:58"]
[TimeControl "2700+45"]

1. d4 Nf6 2. c4 g6 3. Nc3 Bg7 4. e4 d6 5. Be2 O-O 6. Nf3 e5 7. O-O exd4 8. Nxd4
Re8 9. f3 c6 10. Nc2 Na6 11. Kh1 Be6 12. Be3 d5 13. cxd5 cxd5 14. e5 Nd7 15. f4
f6 16. Nd4 Bf7 17. e6 Bxe6 18. Nxe6 Rxe6 19. Qxd5 Nc7 20. Qb3 Kh8 21. Bg1 f5 22.
Rad1 Qc8 23. Bf3 Rb6 24. Bxb6 Nxb6 25. a4 Na6 26. a5 Nc5 27. Qb5 Nbd7 28. Rxd7
{Black resigns} 1-0

[Event "Team 45 45 League T48"]
[Site "Internet Chess Club"]
[Date "2011.03.05"]
[Round "4"]
[White "eurander"]
[Black "Oblio"]
[Result "0-1"]
[WhiteElo "2154"]
[BlackElo "2371"]
[Opening "Sicilian: Alapin's variation (2.c3)"]
[ECO "B22"]
[Time "09:00:43"]
[TimeControl "2700+45"]

1. e4 c5 2. c3 Nf6 3. e5 Nd5 4. d4 cxd4 5. cxd4 e6 6. Nf3 d6 7. Bc4 Nb6 8. Bd3
dxe5 9. dxe5 Na6 10. Qe2 Nc5 11. Bc2 Nd5 12. O-O Bd7 13. Rd1 Be7 14. Nbd2 Rc8
15. Ne4 Qb6 16. Bg5 Nxe4 17. Bxe4 Bb5 18. Qd2 Bb4 19. Qd4 Bc5 20. Qd2 h6 21. Bh4
Bb4 22. Qd4 Bc5 23. Qd2 Ba4 24. b3 Bc6 25. Nd4 Bxd4 26. Qxd4 Qxd4 27. Rxd4 g5
28. Bg3 Nc3 29. Bxc6+ Rxc6 30. Kf1 Ke7 31. f4 Nd5 32. fxg5 Ne3+ 33. Ke2 Nc2 34.
Rdd1 Nxa1 35. gxh6 Rxh6 36. Rxa1 Rc2+ 37. Kf3 a5 38. h4 Rg6 39. Bf2 f5 40. h5
Rc3+ 41. Be3 Rg4 42. h6 Rh4 43. Ke2 Kf7 44. Rd1 Rc2+ 45. Kf3 Rc3 46. Ke2 f4 47.
Bb6 Rxh6 48. Bxa5 Re3+ 49. Kf2 Rxe5 50. Bc7 Rd5 51. Rxd5 exd5 52. Kf3 Rc6 53.
Bxf4 Rc2 54. Ke3 Rxa2 55. Kd4 Ke6 56. g3 Re2 57. Be3 Rb2 58. Kc3 Rg2 59. Bf4 Re2
60. Kd4 Re4+ 61. Kd3 Kf5 62. Bd6 Rg4 63. Ke3 Rg6 64. Bf4 Rb6 65. Kd4 Rb5 66. Bb8
Ke6 67. Kc3 Rc5+ 68. Kd3 Rc1 69. Bf4 Rd1+ 70. Kc2 Rf1 71. Kd3 Rf3+ {White
resigns} 0-1

[Event "Team 45 45 League T48"]
[Site "Internet Chess Club"]
[Date "2011.03.06"]
[Round "4"]
[White "BlazekaMatej"]
[Black "Matusalen"]
[Result "1/2-1/2"]
[WhiteElo "2110"]
[BlackElo "2141"]
[Opening "Caro-Kann: classical, Spassky variation"]
[ECO "B19"]
[Time "09:08:25"]
[TimeControl "2700+45"]

1. e4 c6 2. d4 d5 3. Nc3 dxe4 4. Nxe4 Bf5 5. Ng3 Bg6 6. h4 h6 7. Nf3 Nd7 8. h5
Bh7 9. Bd3 Bxd3 10. Qxd3 e6 11. Bf4 Qa5+ 12. Bd2 Bb4 13. c3 Be7 14. c4 Qc7 15.
O-O-O Ngf6 16. Ne4 Rd8 17. Nxf6+ Nxf6 18. Qe2 c5 19. Bc3 Qf4+ 20. Kb1 Qe4+ 21.
Qd3 Qxd3+ 22. Rxd3 Ne4 23. Rf1 Bf6 24. Kc2 O-O 25. Ne5 Nxc3 26. bxc3 Bxe5 27.
dxe5 Rxd3 28. Kxd3 Rd8+ 29. Ke3 Kf8 30. Rb1 Rd7 31. f4 Ke7 32. g4 f6 33. Ke4 b6
34. Ke3 {Game drawn by mutual agreement} 1/2-1/2

[Event "Team 45 45 League T48"]
[Site "Internet Chess Club"]
[Date "2011.03.05"]
[Round "4"]
[White "Epcot"]
[Black "BlackHorse"]
[Result "1/2-1/2"]
[WhiteElo "1817"]
[BlackElo "2041"]
[Opening "King's Indian: fianchetto, classical variation, 8.e4"]
[ECO "E68"]
[Time "06:33:00"]
[TimeControl "2700+45"]

1. d4 Nf6 2. c4 g6 3. g3 Bg7 4. Bg2 O-O 5. Nc3 d6 6. Nf3 Nbd7 7. O-O e5 8. e4
exd4 9. Nxd4 Re8 10. h3 Ne5 11. b3 h6 12. Be3 Bd7 13. Qd2 Kh7 14. Rad1 Qc8 15.
Kh2 Nc6 16. Rfe1 Nxd4 17. Bxd4 Bc6 18. f4 b6 19. e5 Bxg2 20. Kxg2 dxe5 21. fxe5
Qb7+ 22. Kh2 Nh5 23. g4 c5 24. gxh5 cxd4 25. Qxd4 Qe7 26. Kh1 Bxe5 27. hxg6+
fxg6 28. Qd7 Qg7 29. Qxg7+ Bxg7 30. Nd5 Rad8 31. Kg2 g5 32. a3 Kg6 33. Re7 Rxd5
34. Rxg7+ Kxg7 35. cxd5 Kf6 36. Kf3 Kf5 37. d6 Rd8 38. Rd5+ Ke6 39. Ke4 Rxd6 40.
Rxd6+ Kxd6 41. Kf5 Kd5 42. Kg6 Ke5 43. Kxh6 Kf4 44. Kh5 Kf5 {Game drawn by
mutual agreement} 1/2-1/2

[Event "Team 45 45 League T48"]
[Site "Internet Chess Club"]
[Date "2011.03.05"]
[Round "4"]
[White "theophilus"]
[Black "easycure"]
[Result "0-1"]
[WhiteElo "2227"]
[BlackElo "2319"]
[Opening "QGD Slav: 4.e3 Bf5"]
[ECO "D12"]
[Time "10:02:22"]
[TimeControl "2700+45"]

1. d4 d5 2. c4 c6 3. Nf3 Nf6 4. e3 Bf5 5. Nc3 e6 6. Nh4 Bg6 7. Qb3 Qb6 8. Nxg6
hxg6 9. Bd2 Nbd7 10. g3 Be7 11. O-O-O Ng4 12. Be1 Ngf6 13. Bd2 O-O 14. h4 Qc7
15. f4 a5 16. Kb1 a4 17. Nxa4 dxc4 {White resigns} 0-1

[Event "Team 45 45 League T48"]
[Site "Internet Chess Club"]
[Date "2011.03.05"]
[Round "4"]
[White "technika"]
[Black "cacheboy"]
[Result "0-1"]
[WhiteElo "2119"]
[BlackElo "2298"]
[Opening "Sicilian: closed"]
[ECO "B23"]
[Time "16:20:31"]
[TimeControl "2700+45"]

1. e4 c5 2. Nc3 g6 3. f4 Bg7 4. Nf3 Nc6 5. Bb5 Nd4 6. Bd3 d6 7. Nxd4 cxd4 8. Ne2
Nf6 9. Nxd4 Nxe4 10. Bxe4 Bxd4 11. c3 Bg7 12. d4 e6 13. O-O O-O 14. Qf3 Qb6 15.
Rb1 Rb8 16. Be3 Qa6 17. a3 Bd7 18. Qf2 d5 19. Bf3 Bb5 20. Rfe1 Bd3 21. Rbd1 Rfd8
22. Qd2 Be4 23. Bxe4 dxe4 24. Qc2 Qc6 25. Qf2 Rbc8 26. d5 Rxd5 27. Bxa7 Rd3 28.
Rxd3 exd3 29. Rd1 Rd8 30. Be3 Qc4 31. Rd2 Rd5 32. Qf3 Bf6 33. g4 Bg7 34. Kg2 f5
35. h3 Bf6 36. g5 Bg7 37. h4 Qe4 38. Bf2 h5 39. Bg3 Qc4 40. Qe3 Rd8 41. Qf3 Rd7
42. Bf2 Rd5 43. Qe3 e5 44. fxe5 Bxe5 45. Qf3 Bf4 46. Rd1 d2 47. Bd4 Rd7 48. Qf1
Qe6 49. Qf3 Qe1 50. Bf2 Qe4 51. Bd4 Re7 52. Qxe4 fxe4 53. Kf2 e3+ 54. Ke2 Bg3
55. Rh1 Bf2 56. a4 Re4 57. Rf1 Bxh4 58. Rf6 d1=Q+ {White resigns} 0-1

[Event "Team 45 45 League T48"]
[Site "Internet Chess Club"]
[Date "2011.03.05"]
[Round "4"]
[White "egyptiantiger"]
[Black "noHz"]
[Result "1-0"]
[WhiteElo "2121"]
[BlackElo "2066"]
[Opening "Queen's pawn game, Darooha variation "]
[ECO "D11"]
[Time "09:01:33"]
[TimeControl "2700+45"]

1. d4 d5 2. Nf3 Nf6 3. c4 c6 4. g3 dxc4 5. Bg2 Nbd7 6. O-O Nb6 7. Qc2 g6 8. Re1
Bg7 9. e4 O-O 10. a4 a5 11. Na3 Bg4 12. h3 Be6 13. Ng5 Bc8 14. Nxc4 Ne8 15. e5
Qxd4 16. Nxb6 Qxb6 17. Be3 Qc7 18. f4 h6 19. Ne4 h5 20. Rad1 Bf5 21. Qb3 Qc8 22.
Bc5 Be6 23. Qa3 Nc7 24. Bxe7 Re8 25. Nd6 Qb8 26. Nxe8 Qxe8 27. Bd6 Nd5 28. Qc5
Qd8 29. Kh2 h4 30. Bxd5 Bxd5 31. Rxd5 cxd5 32. Qxd5 hxg3+ 33. Kxg3 Qb6 34. Qb5
Qxb5 35. axb5 Rc8 36. Kf3 Rc4 37. b3 Rc3+ 38. Re3 Rc1 39. Ke4 Bh6 40. Rf3 Bf8
41. f5 gxf5+ 42. Rxf5 Bh6 43. Rf3 Bd2 44. Rg3+ Kh7 45. Rd3 Bh6 46. Kd5 Kg6 47.
Rg3+ Kf5 48. Rf3+ Kg6 49. Rf6+ Kg7 50. Rf3 Kg6 51. Kd4 Bd2 52. Rd3 Be1 53. Kd5
Bf2 54. Rf3 Bh4 55. Bc5 Rd1+ 56. Bd4 Bd8 57. Ke4 Re1+ 58. Kd3 Rc1 59. Bc3 Bb6
60. Rf6+ {Black resigns} 1-0

[Event "Team 45 45 League T48"]
[Site "Internet Chess Club"]
[Date "2011.03.04"]
[Round "4"]
[White "jorobo"]
[Black "TerryMalloy"]
[Result "1/2-1/2"]
[WhiteElo "2000"]
[BlackElo "1841"]
[Opening "English: Mikenas-Carls, Flohr variation"]
[ECO "A18"]
[Time "22:21:34"]
[TimeControl "2700+45"]

1. c4 Nf6 2. Nc3 e6 3. e4 d5 4. e5 d4 5. exf6 dxc3 6. bxc3 Qxf6 7. Nf3 c5 8. Bd3
Bd6 9. O-O Bd7 10. Re1 O-O 11. Be4 Bc6 12. Qe2 Bxe4 13. Qxe4 Nc6 14. Rb1 Qe7 15.
d4 cxd4 16. cxd4 Rfe8 17. c5 Bc7 18. Ng5 f5 19. Qxe6+ Qxe6 20. Rxe6 Nxd4 21.
Rxe8+ Rxe8 22. Be3 h6 23. Nh3 Be5 24. Rxb7 f4 25. Bxd4 Bxd4 26. Kf1 g5 27. c6
Rc8 28. c7 Kf7 29. f3 Bb6 30. Nf2 Rxc7 31. Rxc7+ Bxc7 32. Ke2 Ke6 33. Kd3 Bb6
34. Ne4 Kd5 35. Nf6+ Ke6 36. Ne4 Kd5 37. Nf6+ Ke6 38. Ne4 {Game drawn by
repetition} 1/2-1/2

[Event "Team 45 45 League T48"]
[Site "Internet Chess Club"]
[Date "2011.03.07"]
[Round "4"]
[White "ThuG"]
[Black "sibirica"]
[Result "0-1"]
[WhiteElo "2188"]
[BlackElo "2327"]
[Opening "Sicilian: Hungarian variation"]
[ECO "B27"]
[Time "13:01:16"]
[TimeControl "2700+45"]

1. e4 c5 2. Nf3 g6 3. c3 Bg7 4. d4 cxd4 5. cxd4 d5 6. e5 Bg4 7. Nc3 Nc6 8. Be3
Nh6 9. Qb3 Qd7 10. Bb5 Bxf3 11. gxf3 e6 12. Na4 Nf5 {White forfeits on time} 0-1

[Event "Team 45 45 League T48"]
[Site "Internet Chess Club"]
[Date "2011.03.06"]
[Round "4"]
[White "chiiwen"]
[Black "DreadHead"]
[Result "0-1"]
[WhiteElo "2174"]
[BlackElo "2216"]
[Opening "Robatsch (modern) defense"]
[ECO "B06"]
[Time "12:01:06"]
[TimeControl "2700+45"]

1. e4 g6 2. d4 Bg7 3. Nf3 d6 4. Be3 Nf6 5. Nc3 O-O 6. h3 c6 7. a4 Qa5 8. Bd3 e5
9. O-O Be6 10. dxe5 dxe5 11. Ng5 Bc8 12. Bc4 h6 13. Nf3 Nbd7 14. Qd6 Re8 15. b4
Qd8 16. Rfb1 Qe7 17. Qd3 Nh5 18. a5 Nf8 19. Bc5 Qf6 20. Qe3 Nf4 21. Bf1 h5 22.
Ne2 N8e6 23. Ra3 Nxc5 24. Qxc5 Ne6 25. Qc4 Nc7 26. Rd3 Be6 27. Qc3 Nb5 28. Qd2
Bf8 29. Nc1 Rad8 30. Qe3 Nd4 31. Nxd4 exd4 32. Qf3 Qe5 33. Rd1 Bd6 34. g3 h4 35.
Nd3 Qg5 36. Kg2 f5 {White resigns} 0-1

[Event "Team 45 45 League T48"]
[Site "Internet Chess Club"]
[Date "2011.03.13"]
[Round "4"]
[White "spacecadet"]
[Black "Fulvio"]
[Result "1-0"]
[WhiteElo "2118"]
[BlackElo "2037"]
[Opening "Bishop's opening: Classical variation"]
[ECO "C23"]
[Time "16:00:27"]
[TimeControl "2700+45"]

1. e4 e5 2. Bc4 Bc5 3. Nc3 Nc6 4. Qg4 Qf6 5. Nd5 Qxf2+ 6. Kd1 Nge7 7. Nh3 Qd4 8.
Qxg7 Ng6 9. d3 Be7 10. c3 Qc5 11. Nxc7+ Kd8 12. Nxa8 d5 13. exd5 Bg4+ 14. Kc2 b5
15. b4 Nxb4+ 16. cxb4 Qc8 17. d6 Bxd6 18. Bg5+ Ke8 19. Qxf7# {Black checkmated}
1-0

[Event "Team 45 45 League T48"]
[Site "Internet Chess Club"]
[Date "2011.03.07"]
[Round "4"]
[White "martineden"]
[Black "parmupill"]
[Result "0-1"]
[WhiteElo "1881"]
[BlackElo "2182"]
[Opening "Queen's pawn: Keres defense"]
[ECO "E12"]
[Time "11:05:57"]
[TimeControl "2700+45"]

1. d4 e6 2. c4 b6 3. Nf3 Bb7 4. Nc3 Nf6 5. Qc2 c5 6. e4 cxd4 7. Nxd4 d6 8. f3
Nc6 9. Be3 Be7 10. Nxc6 Bxc6 11. Bd3 O-O 12. O-O Rc8 13. Qd2 Qc7 14. Rfd1 Rfd8
15. Rac1 Qb8 16. Nb5 Bxb5 17. cxb5 Rxc1 18. Rxc1 d5 19. Qc2 Bd6 20. g3 h5 21.
Kg2 h4 22. f4 Ng4 23. Bg1 dxe4 24. Bxe4 Bxf4 25. gxf4 Qxf4 26. Kh1 f5 27. Bg2
Rd2 28. Qc6 h3 29. Qe8+ Kh7 30. Qh5+ Nh6 31. Qxh3 Rxg2 32. Be3 Rxh2+ 33. Qxh2
Qxe3 34. Rc7 Qe4+ 35. Qg2 Qb1+ 36. Qg1 Qxb2 37. Qxg7+ Qxg7 38. Rxg7+ Kxg7 {White
resigns} 0-1

[Event "Team 45 45 League T48"]
[Site "Internet Chess Club"]
[Date "2011.03.06"]
[Round "4"]
[White "searchforbobby1"]
[Black "MikeA"]
[Result "1/2-1/2"]
[WhiteElo "2210"]
[BlackElo "2194"]
[Opening "Sicilian: Pelikan (Lasker/Sveshnikov) variation"]
[ECO "B33"]
[Time "22:03:41"]
[TimeControl "2700+45"]

1. e4 c5 2. Nf3 Nc6 3. d4 cxd4 4. Nxd4 Nf6 5. Nc3 e5 6. Ndb5 d6 7. Nd5 Nxd5 8.
exd5 Ne7 9. c4 Nf5 10. Bd3 Be7 11. O-O O-O 12. b4 a6 13. Nc3 Bd7 14. Kh1 Rc8 15.
f4 f6 16. a4 Qb6 17. Qc2 Nd4 18. Qb1 g6 19. a5 Qc7 20. Be3 Bf5 21. Ne4 Bxe4 22.
Bxe4 Qxc4 23. Bxg6 f5 24. Rc1 Qxd5 25. Rxc8 Rxc8 26. Bxf5 Nxf5 27. Qxf5 Rf8 28.
Qg4+ Kh8 29. fxe5 dxe5 30. Rd1 Rg8 31. Rxd5 Rxg4 32. Rxe5 Bxb4 33. g3 Rc4 34.
Kg2 Rc2+ 35. Kh3 Kg7 36. Bb6 Kg6 37. Rd5 Ra2 38. Re5 Kf6 39. Rh5 Kg6 40. g4 Bd6
41. Bg1 Ra3+ 42. Kg2 Bc7 43. Rd5 Bxa5 44. h4 Kf6 45. Rd7 b5 46. Rxh7 Be1 47.
Bd4+ Ke6 48. Kf1 {Game drawn by mutual agreement} 1/2-1/2

[Event "Team 45 45 League T48"]
[Site "Internet Chess Club"]
[Date "2011.03.05"]
[Round "4"]
[White "xakelari"]
[Black "Phosphorus"]
[Result "1-0"]
[WhiteElo "2088"]
[BlackElo "2087"]
[Opening "French: advance variation"]
[ECO "C02"]
[Time "12:17:46"]
[TimeControl "2700+45"]

1. e4 e6 2. d4 d5 3. e5 b6 4. c3 Qd7 5. Nf3 Ne7 6. a4 c5 7. a5 Bb7 8. axb6 axb6
9. Rxa8 Bxa8 10. Qb3 Qb7 11. Qa4+ Nec6 12. b3 Be7 13. Bd3 O-O 14. Bg5 Nxd4 15.
cxd4 {Black resigns} 1-0

[Event "Team 45 45 League T48"]
[Site "Internet Chess Club"]
[Date "2011.03.05"]
[Round "4"]
[White "gaibo4ever"]
[Black "CaoCao"]
[Result "1/2-1/2"]
[WhiteElo "2056"]
[BlackElo "1909"]
[Opening "Caro-Kann: Tartakower (fantasy) variation"]
[ECO "B12"]
[Time "20:00:06"]
[TimeControl "2700+45"]

1. e4 c6 2. d4 d5 3. f3 e6 4. Be3 Nf6 5. e5 Nfd7 6. Bd3 Qb6 7. Nc3 Nxe5 8. Nge2
Nxd3+ 9. Qxd3 Bd6 10. O-O-O Qa6 11. Qd2 b5 12. Bf4 Bxf4 13. Nxf4 b4 14. Nb1 Qb6
15. Nh5 Kf8 16. Rhe1 h6 17. g4 g6 18. Ng3 Na6 19. f4 Qd8 20. Rf1 Qh4 21. Qe2 Qf6
22. f5 exf5 23. gxf5 gxf5 24. Rf4 Nc7 25. Qd3 Qg5 26. Qd2 Ne6 27. Rxf5 Qxd2+ 28.
Rxd2 Ng5 29. Rf6 Be6 30. Rdf2 Re8 31. Nd2 Bg4 32. c3 bxc3 33. bxc3 Rh7 34. Rxc6
Ne4 35. Rf4 Nxd2 36. Rxg4 Nc4 37. Rc7 {Game drawn by mutual agreement} 1/2-1/2

[Event "Team 45 45 League T48"]
[Site "Internet Chess Club"]
[Date "2011.03.05"]
[Round "4"]
[White "justice02"]
[Black "Constrictor"]
[Result "1-0"]
[WhiteElo "1750"]
[BlackElo "1638"]
[Opening "Réti opening"]
[ECO "A04"]
[Time "12:35:22"]
[TimeControl "2700+45"]

1. Nf3 c6 2. e4 d5 3. e5 Bg4 4. d4 e6 5. Be2 Nd7 6. O-O c5 7. c3 Rc8 8. Qa4 a6
9. Re1 Ne7 10. Bg5 Qb6 11. dxc5 Rxc5 12. Qxg4 Qxb2 13. Nbd2 Qxc3 14. Bxe7 Kxe7
15. Nb3 Rc6 16. Rec1 Qb2 17. Rxc6 bxc6 18. Bxa6 c5 19. Qg5+ f6 20. exf6+ gxf6
21. Qc1 Qxc1+ 22. Rxc1 Bh6 23. Rc2 c4 24. Nbd4 Ra8 25. Bb5 Nc5 26. Re2 Ra3 27.
Nf5+ Kd8 28. Nxh6 e5 29. h3 c3 30. Ng4 d4 31. Nxf6 d3 32. Rxe5 d2 33. Nxd2 cxd2
34. Rd5+ Ke7 35. Rxd2 Kxf6 36. Bc4 Ne4 37. Rd3 Ra7 38. f3 Nc5 39. Rd5 Na4 40.
Rd6+ Ke5 41. Ra6 Rxa6 42. Bxa6 Kd4 43. Bc8 Kc3 44. Kf2 Kd4 45. Kg3 Ke5 46. Kh4
Kf6 47. Kh5 Kg7 48. Be6 Nc5 49. Bc4 Na4 50. a3 Nc5 51. Kg5 Na4 52. h4 Nc5 53. h5
Na4 54. h6+ Kf8 55. Kf5 Nb6 56. Bb3 Nd7 57. a4 Nc5 58. Bc2 Na6 59. a5 Nb4 60.
Be4 Na6 61. Bd3 Nc7 62. a6 Nd5 63. Be4 Nb6 64. a7 {Black resigns} 1-0

[Event "Team 45 45 League T48"]
[Site "Internet Chess Club"]
[Date "2011.03.05"]
[Round "4"]
[White "philosopherking"]
[Black "sbaker831"]
[Result "0-1"]
[WhiteElo "1488"]
[BlackElo "1660"]
[Opening "King's Indian defense, 3.Nc3"]
[ECO "E61"]
[Time "13:01:56"]
[TimeControl "2700+45"]

1. d4 Nf6 2. c4 g6 3. Nc3 Bg7 4. Nf3 d6 5. e3 O-O 6. Be2 Nbd7 7. O-O e5 8. Qc2
Nh5 9. Rd1 f5 10. d5 e4 11. Nd4 Ne5 12. Ne6 Bxe6 13. dxe6 Nf6 14. Nd5 Nxd5 15.
cxd5 Rc8 16. Qb3 Qg5 17. Bd2 Nf3+ 18. Kh1 Qh4 19. Bxf3 exf3 20. g3 Qh3 21. Rg1
Be5 22. Bc3 Rf6 23. Bxe5 dxe5 24. Qxb7 Rcf8 25. Qxc7 g5 26. e7 Re8 27. Qxe5 Rh6
28. g4 f4 29. Qxg5+ Rg6 30. Qxf4 Rxe7 31. Qg3 Rh6 32. Qxh3 Rxh3 33. Rg3 Rxg3 34.
fxg3 Rxe3 35. Rd1 f2 36. Kg2 Re1 37. Kxf2 Rxd1 38. Ke3 Rxd5 39. b4 Rg5 40. Kf4
Rb5 41. a3 a5 42. h4 axb4 43. axb4 Rxb4+ 44. Kg5 Kg7 45. h5 h6+ 46. Kf5 {White
resigns} 0-1

[Event "Team 45 45 League T48"]
[Site "Internet Chess Club"]
[Date "2011.03.07"]
[Round "4"]
[White "ScotchYeti"]
[Black "JWB"]
[Result "1/2-1/2"]
[WhiteElo "1607"]
[BlackElo "1663"]
[Opening "Caro-Kann: Panov-Botvinnik attack, 5...g6"]
[ECO "B14"]
[Time "14:00:18"]
[TimeControl "2700+45"]

1. e4 c6 2. d4 d5 3. exd5 cxd5 4. c4 Nf6 5. Nc3 g6 6. Nf3 Bg7 7. cxd5 O-O 8. Bc4
Nbd7 9. O-O Nb6 10. Bb3 Nbxd5 11. h3 b6 12. Re1 Bb7 13. Ne5 Rc8 14. Qd3 a6 15.
Bg5 b5 16. Qd2 Nxc3 17. bxc3 Ne4 18. Qf4 Nxg5 19. Qxg5 e6 20. Qe3 Bd5 21. Rac1
Bxb3 22. axb3 Bxe5 23. Qxe5 Qc7 24. Qxc7 Rxc7 25. Re2 Rd8 26. b4 Rxd4 27. Rec2
Rdc4 28. f3 e5 29. Kf2 f5 30. Ke3 Kf7 31. Kd3 Ke6 32. Ra1 R7c6 33. Re1 h6 34. g3
e4+ 35. fxe4 Rd6+ 36. Ke2 Rxe4+ 37. Kf2 Rxe1 38. Kxe1 g5 39. c4 bxc4 40. Rxc4
Kd5 41. Rc5+ Ke6 42. Ke2 h5 43. g4 hxg4 44. hxg4 fxg4 45. Rxg5 Rd4 46. b5 axb5
47. Rxb5 Rd5 48. Rb4 Kf5 49. Kf2 Rd8 50. Kg1 Rg8 51. Kg2 g3 52. Ra4 Rg4 53. Ra5+
Kf4 54. Ra4+ Kg5 55. Ra5+ Kh4 56. Ra8 Rg5 {Game drawn by mutual agreement}
1/2-1/2

[Event "Team 45 45 League T48"]
[Site "Internet Chess Club"]
[Date "2011.03.06"]
[Round "4"]
[White "peterdiplaros"]
[Black "cepheid"]
[Result "0-1"]
[WhiteElo "1446"]
[BlackElo "1644"]
[Opening "Queen's pawn game"]
[ECO "A45"]
[Time "14:25:53"]
[TimeControl "2700+45"]

1. d4 Nf6 2. e3 e6 3. Bd3 c5 4. c3 d5 5. f4 b6 6. Nf3 Be7 7. O-O O-O 8. Ne5 Bb7
9. g4 Nbd7 10. g5 Ne4 11. Nd2 f6 12. Nxd7 Qxd7 13. Nxe4 dxe4 14. gxf6 Rxf6 15.
Bc4 Bd5 16. Bb3 c4 17. Bc2 Rg6+ 18. Kh1 Bh4 19. Qh5 Rh6 20. Qg4 Rf8 21. Bd2 Rff6
22. b3 Rfg6 23. Qe2 cxb3 24. axb3 Bg3 25. c4 Bxh2 26. Qxh2 Rxh2+ 27. Kxh2 Bc6
28. Bb4 a5 29. Bc3 Qe7 {White resigns} 0-1